 Dungeon Crawl Stone Soup version 0.22.1-2-g9c5b331 (console) character file.

350600 erker the Warrior (level 21, -7/213 HPs)
             Began as a Deep Dwarf Fighter on Jan 3, 2019.
             Was the Champion of Makhleb.
             Killed from afar by Nikola (13 damage)
             ... with a zap
             ... on level 1 of the Depths on Jan 4, 2019.
             The game lasted 04:51:52 (38510 turns).

erker the Warrior (Deep Dwarf Fighter)             Turns: 38510, Time: 04:51:54

Health: -7/213     AC: 30    Str: 30    XL:     21   Next: 27%
Magic:  27/27      EV: 10    Int: 15    God:    Makhleb [******]
Gold:   4708       SH: 22    Dex: 10    Spells: 20/20 levels left

rFire    . . .     SeeInvis +   b - +4 eveningstar
rCold    . . .     Gourm    .   s - +0 large shield
rNeg     + + .     Faith    .   x - +2 crystal plate armour
rPois    +         Spirit   .   (helmet restricted)
rElec    .         Reflect  .   z - scarf {cloud immunity}
rCorr    .         Harm     .   L - +0 pair of gloves (curse)
MR       +++..     Clarity  +   u - +1 pair of boots {run}
Stlth    ..........             t - amulet of the acrobat
HPRegen  0.00/turn              M - ring of see invisible
MPRegen  0.20/turn              J - ring "Caxyic Bygor" {rPois rN+ Str+4 Int+2 Stlth+}

@: non-regenerating, quick
A: damage resistance, heal wounds, horns 1, blurry vision 1, clarity, clumsy 1,
negative energy resistance 1, sense surroundings 3, MP-powered wands, no
regeneration
}: 2/15 runes: decaying, gossamer
a: Heal Wounds, Minor Destruction, Lesser Servant of Makhleb, Major Destruction,
Greater Servant of Makhleb, Renounce Religion


You were on level 1 of the Depths.
You worshipped Makhleb.
Makhleb was exalted by your worship.
You were not hungry.

You visited 10 branches of the dungeon, and saw 40 of its levels.
You also visited: Bailey and Ice Cave.

You collected 4914 gold pieces.
You spent 206 gold pieces at shops.

Inventory:

Hand Weapons
 a - a +3 war axe of venom
 b - a +4 eveningstar (weapon)
 p - a +2 war axe of flaming
Missiles
 c - 19 poisoned needles
 j - 560 bolts
 k - 3 curare-tipped needles
 y - 2 needles of confusion
 Y - 9 javelins (quivered)
Armour
 n - a +3 chain mail of fire resistance
 s - a +0 large shield (worn)
 u - a +1 pair of boots of running (worn)
 x - a +2 crystal plate armour (worn)
 z - a scarf of cloud immunity (worn)
 C - a +2 pair of gloves of dexterity
 L - a cursed +0 pair of gloves (worn)
Jewellery
 l - an uncursed ring of positive energy
 t - an amulet of the acrobat (around neck)
 G - an uncursed ring of flight
 J - the ring "Caxyic Bygor" (right hand) {rPois rN+ Str+4 Int+2 Stlth+}
   (You found it on level 7 of the Dungeon)

   [ring of positive energy]

   It affects your strength (+4).
   It affects your intelligence (+2).
   It protects you from poison.
   It protects you from negative energy.
   It makes you more stealthy.
 M - a ring of see invisible (left hand)
 S - an uncursed ring of ice
 V - a +2 amulet of reflection
Wands
 o - a wand of enslavement (40)
 A - a wand of digging (35)
 E - a wand of iceblast (16)
 H - a wand of scattershot (4)
 O - a wand of clouds (8)
 Q - a wand of flame (148)
 W - a wand of paralysis (7)
Scrolls
 g - 14 scrolls of teleportation
 m - 9 scrolls of blinking
 r - 3 scrolls of remove curse
 T - 4 scrolls of magic mapping
 U - 25 scrolls of identify
Potions
 d - 9 potions of might
 h - 4 potions of invisibility
 i - 2 potions of ambrosia
 q - 10 potions of curing
 w - 2 potions of resistance
 B - 4 potions of agility
 F - 3 potions of heal wounds
 I - 7 potions of haste
 X - a potion of cancellation
Miscellaneous
 e - a lamp of fire
 v - a sack of spiders
 D - a box of beasts
 N - 3 phantom mirrors
 P - a fan of gales
Comestibles
 f - 87 rations


   Skills:
 * Level 18.5 Fighting
 - Level 17.5(18.8) Axes
 * Level 11.7(15.3) Maces & Flails
 + Level 3.7 Throwing
 + Level 15.3 Armour
 * Level 15.2 Dodging
 - Level 0.3 Stealth
 + Level 16.2 Shields
 * Level 3.0 Invocations
 * Level 12.8 Evocations


You had 20 spell levels left.
You didn't know any spells.
Your spell library contained the following spells:

 Spells                   Type           Power        Failure   Level  Hunger
 Confusing Touch          Hex            #.....       100%        1    ##.....
 Corona                   Hex            #......      100%        1    ##.....
 Magic Dart               Conj           #...         100%        1    ##.....
 Summon Small Mammal      Summ           #...         100%        1    ##.....
 Blink                    Tloc           N/A          100%        2    ###....
 Call Imp                 Summ           #.......     100%        2    ###....
 Slow                     Hex            #.......     100%        2    ###....
 Call Canine Familiar     Summ           #.......     100%        3    ####...
 Confuse                  Hex            #.......     100%        3    ####...
 Conjure Flame            Conj/Fire      #.......     100%        3    ####...
 Gell's Gravitas          Tloc           #.........   100%        3    ####...
 Inner Flame              Hex/Fire       #.......     100%        3    ####...
 Mephitic Cloud           Conj/Pois/Air  #.......     100%        3    ####...
 Portal Projectile        Hex/Tloc       #.....       100%        3    ####...
 Recall                   Summ/Tloc      N/A          100%        3    ####...
 Summon Guardian Golem    Hex/Summ       #.......     100%        3    ####...
 Cause Fear               Hex            #.........   100%        4    #####..
 Leda's Liquefaction      Hex/Erth       #.........   100%        4    #####..
 Petrify                  Tmut/Erth      #.......     100%        4    #####..
 Summon Ice Beast         Ice/Summ       #.......     100%        4    #####..
 Summon Lightning Spire   Summ/Air       #.......     100%        4    #####..
 Aura of Abjuration       Summ           #.........   100%        5    ######.
 Bolt of Magma            Conj/Fire/Erth #.........   100%        5    ######.
 Iskenderun's Battlesphe  Conj/Chrm      #.......     100%        5    ######.
 Metabolic Englaciation   Hex/Ice        #.........   100%        5    ######.
 Summon Demon             Summ           #.........   100%        5    ######.
 Summon Forest            Summ/Tloc      #.........   100%        5    ######.
 Summon Mana Viper        Hex/Summ       #.......     100%        5    ######.
 Venom Bolt               Conj/Pois      #.........   100%        5    ######.
 Yara's Violent Unravell  Hex/Tmut       #.........   100%        5    ######.
 Iron Shot                Conj/Erth      #.........   100%        6    #######
 Shadow Creatures         Summ           N/A          100%        6    #######
 Orb of Destruction       Conj           #.........   100%        7    #######
 Spellforged Servitor     Conj/Summ      #.........   100%        7    #######


Dungeon Overview and Level Annotations

Branches:
Dungeon (15/15)            Temple (1/1) D:5            Lair (6/6) D:11
  Swamp (4/4) Lair:2       Spider (4/4) Lair:4        Slime (1/5) Lair:5
    Orc (2/2) D:12            Elf (0/3) Orc:2        Vaults (4/5) D:14
  Crypt (2/3) Vaults:3     Depths (1/5) D:15

Altars:
Ashenzari
Cheibriados
Dithmenos
Elyvilon
Fedhas
Gozag
Hepliaklqana
Kikubaaqudgha
Makhleb
Nemelex Xobeh
Okawaru
Ru
Sif Muna
Trog
Uskayaw
Vehumet
Wu Jian
Xom
Yredelemnul
Zin
The Shining One
Beogh
Lugonu

Shops:
D:13 ?   D:15 !   Orc:2 :!%%

Portals:
Trove: Vaults:3 (give 11 potions of heal wounds)

Annotations:
D:4 Grinder
Lair:4 exclusion: oklob plant
Lair:5 exclusion: oklob plant
Depths:1 Nikola


Innate Abilities, Weirdness & Mutations

You are resistant to damage.
You can heal yourself by infusing magical energy.
You resist negative energy. (rN+)
You passively map a large area around you.
You do not regenerate.
You have a pair of small horns on your head.
Scrolls take you a little longer to read.
You possess an exceptional clarity of mind.
You are clumsy. (Dex -2)
You expend magic power (3 MP) to strengthen your wands.


Message History

You hear a shout!
Unknown command.
Unknown command.
Unknown command.
Unknown command.
Unknown command.
Unknown command.
Really read with blurry vision while enemies are nearby? [Y]es or [N]o only, please.
Really read with blurry vision while enemies are nearby? [Y]es or [N]o only, please.
Really read with blurry vision while enemies are nearby? [Y]es or [N]o only, please.
Really read with blurry vision while enemies are nearby? [Y]es or [N]o only, please.
Really read with blurry vision while enemies are nearby?
You begin reading the scroll.
You continue reading the scroll.
Nikola points at you and mumbles some strange words.
The zap hits you!
You die...

##.# + ,,
#..# #.# ,*
, ##..# #..
,* #...#
#..# ,
#...# #..#*
#...# # ,
######...#
# ,
+....'...#
#
,######.@##
* * #.@# *,
,* , #..# ,
, #..# ,* *
##.# * , +
, #.# , , *
,#.# * * ,
#.# ,
G..@....# *
#########


You could see Nikola.

Vanquished Creatures
  A bone dragon (Crypt:1)
  3 liches
  Asterion (Vaults:1)
  2 ancient champions
  The ghost of WarriorsX the Bludgeoner, an adept HuBe of Trog (Swamp:3)
  A sphinx (Vaults:4)
  Gastronok (D:8)
  2 thorn hunters
  A storm dragon (Vaults:4)
  An orc warlord (Orc:2)
  2 ghost moths
  17 vault wardens
  A curse skull (Crypt:2)
  A frost giant (Vaults:3)
  Louise (D:15)
  8 emperor scorpions
  11 ironheart preservers
  2 ghouls (Vaults:4)
  3 reapers (Crypt:1)
  A very ugly thing (Vaults:1)
  6 entropy weavers
  5 stone giants
  2 deep elf demonologists
  6 vampire knights
  3 deep elf annihilators
  An eidolon (Crypt:2)
  2 deep elf death magi
  6 fire dragons
  3 great orbs of eyes
  7 jiangshi
  6 yaktaur captains
  5 ice dragons
  Fannar (D:10)
  Harold (D:9)
  A rakshasa (Depths:1)
  7 vault guards
  A ghost crab (Swamp:3)
  6 centaur warriors
  25 hydras
  9 alligators
  24 two-headed ogres
  3 death knights
  7 ogre magi
  A deep troll shaman (Depths:1)
  4 orc high priests (Orc:2)
  2 deep troll earth magi
  Urug (Lair:3)
  2 vampire magi
  4 spriggans
  13 deep elf knights
  2 soul eaters
  2 shadow wraiths
  16 skeletal warriors
  7 hell knights (Crypt:1)
  2 iron trolls (Depths:1)
  3 shambling mangroves
  A spark wasp zombie (Depths:1)
  15 deep trolls
  5 unseen horrors
  5 flayed ghosts
  11 swamp dragons
  An entropy weaver zombie (Crypt:2)
  2 spriggan druids
  10 ironbrand convokers
  9 phantasmal warriors
  Pikel (D:8)
  5 deep elf archers
  11 orc knights
  A wolf spider zombie (D:13)
  4 golden dragon skeletons (Crypt:1)
  8 harpies
  An orb spider (shapeshifter) (Vaults:3)
  2 lindwurms (Lair:6)
  A meliai (Spider:3)
  15 orb spiders
  12 deep elf magi
  3 orc sorcerers (Orc:2)
  5 necromancers
  7 cyclopes
  34 wolf spiders
  A mana viper (D:11)
  36 ugly things
  A cyclops (shapeshifter) (Vaults:1)
  10 elephants
  A centaur zombie (D:13)
  3 ice statues (IceCv)
  A moth of wrath (Spider:3)
  3 manticores (D:15)
  Maurice (D:8)
  A black mamba (shapeshifter) (Vaults:3)
  6 black mambas
  Psyche (D:8)
  7 torpor snails
  12 vault sentinels
  4 orange demons (D:10)
  3 centaur skeletons
  A spriggan skeleton (Depths:1)
  21 spiny frogs
  A yaktaur zombie (Depths:1)
  A redback zombie (Crypt:2)
  4 freezing wraiths
  7 demonic crawlers
  6 komodo dragons
  A rime drake (Lair:2)
  46 yaktaurs
  A queen bee (Spider:3)
  A tengu conjurer (Depths:1)
  2 trolls (shapeshifter) (Vaults:4)
  A hydra zombie (Swamp:4)
  9 polar bears (Lair:6)
  A merfolk (shapeshifter) (Vaults:1)
  9 trolls
  3 red devils (D:10)
  36 jumping spiders
  24 hornets
  11 tyrant leeches
  14 slime creatures
  A death drake skeleton (Crypt:1)
  A blink frog (shapeshifter) (Vaults:4)
  10 bog bodies
  14 blink frogs
  A fire giant simulacrum (Vaults:1)
  9 dream sheep (Lair:6)
  A meliai zombie (D:10)
  4 raiju (Lair:6)
  9 hippogriffs
  Sigmund (D:6)
  70 redbacks
  A centaur simulacrum (D:15)
  A vampire (Swamp:3)
  22 tarantellas
  2 shadows
  6 fire dragon skeletons (Crypt:1)
  9 water elementals
  9 wraiths
  A yak (shapeshifter) (Vaults:3)
  A wyvern (Lair:4)
  41 yaks
  A hog (shapeshifter) (Vaults:2)
  3 basilisks
  A human (shapeshifter) (Vaults:4)
  A tyrant leech zombie (Crypt:1)
  A hungry ghost (D:8)
  11 vampire mosquitoes
  A yaktaur simulacrum (Vaults:3)
  10 wargs
  2 soldier ants (shapeshifter)
  A water nymph zombie (Crypt:1)
  13 swamp worms
  Edmund (D:6)
  8 insubstantial wisps
  2 soldier ants (D:9)
  2 acid dragons
  8 water moccasins
  13 hell hounds (Lair:6)
  47 orc warriors
  7 porcupines
  A human skeleton (Depths:1)
  20 ice beasts
  15 swamp drakes
  2 sky beasts
  2 slaves (D:8)
  3 hornet zombies
  3 phantoms
  12 black bears
  A torpor snail zombie (Crypt:2)
  38 ogres
  35 wolves
  3 boggarts (D:13)
  22 centaurs
  14 crocodiles
  A manticore skeleton (Crypt:1)
  A big kobold (D:14)
  A komodo dragon zombie (Swamp:4)
  Blork the orc (D:6)
  21 bullfrogs
  A draconian skeleton (Crypt:2)
  A gnoll sergeant (Orc:2)
  A wyvern zombie (D:11)
  A wyvern skeleton (D:7)
  4 scorpions
  30 killer bees
  11 wights
  8 howler monkeys
  6 electric eels
  5 crimson imps
  2 bullfrog zombies (D:12)
  A quasit (D:11)
  3 jellies
  29 orc priests
  7 hounds
  29 orc wizards
  2 bullfrog skeletons
  6 iguanas
  Ijyb (D:4)
  8 worker ants
  A porcupine zombie (Crypt:1)
  A dwarf skeleton (Crypt:2)
  A crocodile skeleton (Crypt:2)
  A hound zombie (D:6)
  2 hound skeletons
  Robin (D:2)
  14 adders
  A river rat (D:12)
  3 shadow imps
  2 oozes
  3 adder skeletons (D:7)
  5 worms
  A barachi zombie (Crypt:2)
  2 dart slugs
  7 leopard geckos
  126 orcs
  8 bats
  7 giant cockroaches
  19 hobgoblins
  18 jackals
  11 kobolds
  5 quokkas
  A ball python zombie (Crypt:2)
  3 frilled lizards
  A giant cockroach zombie (D:5)
  8 goblins
  A jackal skeleton (D:4)
  A leopard gecko skeleton (D:4)
  A quokka skeleton (Crypt:2)
  7 rats
  2 fungi
  11 plants
1691 creatures vanquished.

Vanquished Creatures (collateral kills)
  Saint Roka (Vaults:1)
  An orc warlord (Orc:2)
  A stone giant (Vaults:2)
  An ettin (Depths:1)
  A rakshasa (Depths:1)
  An ogre mage (Vaults:3)
  2 orc knights
  A wizard (Vaults:2)
  An orc sorcerer (Orc:2)
  A wolf spider (Spider:3)
  A torpor snail (Spider:3)
  A spriggan zombie (Depths:1)
  A yaktaur (Depths:1)
  A meliai (Spider:3)
  A stone giant simulacrum (Depths:1)
  An ice dragon zombie (Depths:1)
  A tarantella (Spider:3)
  A wyvern (D:10)
  2 redbacks
  5 orc warriors
  2 wights
  6 orc priests
  4 orcs
38 creatures vanquished.

Vanquished Creatures (others)
  A ghost moth (Spider:4)
  An ironheart preserver (Vaults:2)
  An ogre mage (Vaults:4)
  A swamp dragon (Swamp:4)
  A spriggan druid (Swamp:4)
  An orc knight (Bailey)
  2 wolf spiders (Vaults:2)
  A vault sentinel (Vaults:4)
  2 yaktaurs
  A komodo dragon (Lair:2)
  3 orc warriors
  A meliai (Spider:3)
  3 redbacks
  A floating eye (shapeshifter) (Depths:1)
  A swamp drake (Swamp:4)
  A slave (D:8)
  4 centaurs
  A bullfrog (D:15)
  An orc wizard (D:6)
  3 orcs (Orc:2)
  7 fungi
  15 plants
53 creatures vanquished.

Grand Total: 1782 creatures vanquished

Notes
Turn   | Place    | Note
-------+----------+-------------------------------------------
     0 | D:1      | erker the Deep Dwarf Fighter began the quest for the Orb.
     0 | D:1      | Reached XP level 1. HP: 20/20 MP: 1/1
   104 | D:1      | Reached XP level 2. HP: 25/27 MP: 2/2
   396 | D:1      | Reached skill level 3 in Fighting
   564 | D:2      | Reached XP level 3. HP: 27/34 MP: 3/3
   638 | D:2      | Found an iron altar of Okawaru.
   682 | D:2      | Noticed Robin
   712 | D:2      | Killed Robin
   712 | D:2      | Reached XP level 4. HP: 28/42 MP: 4/4
  1332 | D:3      | Found a hazy altar of Hepliaklqana.
  1332 | D:3      | Found an ancient bone altar of Kikubaaqudgha.
  1332 | D:3      | Found a hide-covered altar of Uskayaw.
  1332 | D:3      | Found a radiant altar of Vehumet.
  1339 | D:3      | Noticed an ogre
  1386 | D:3      | Found a snail-covered altar of Cheibriados.
  1394 | D:3      | Found a sparkling altar of Nemelex Xobeh.
  1566 | D:3      | Reached XP level 5. HP: 42/49 MP: 5/5
  1573 | D:3      | Killed an ogre
  1573 | D:3      | Reached skill level 1 in Dodging
  1587 | D:3      | Found a faded altar of an unknown god.
  1791 | D:4      | Noticed Ijyb
  1792 | D:4      | Noticed Grinder
  1810 | D:4      | Noticed an ogre
  1813 | D:4      | Reached XP level 6. HP: 36/56 MP: 6/6
  1816 | D:4      | Reached skill level 5 in Axes
  1862 | D:4      | Reached XP level 7. HP: 19/62 MP: 7/7
  1864 | D:4      | Killed Ijyb
  1867 | D:4      | Found a white marble altar of Elyvilon.
  1960 | D:4      | Reached skill level 5 in Shields
  2207 | D:4      | Reached skill level 1 in Evocations
  2223 | D:5      | Entered Level 5 of the Dungeon
  2295 | D:5      | Found a staircase to the Ecumenical Temple.
  2487 | D:6      | Noticed Edmund
  2498 | D:6      | Killed Edmund
  2516 | D:6      | Reached XP level 8. HP: 15/72 MP: 10/10
  2643 | D:6      | Reached skill level 4 in Fighting
  2654 | D:6      | Noticed Sigmund
  2656 | D:6      | Reached skill level 1 in Throwing
  2893 | D:6      | Noticed a troll
  3070 | D:6      | Found a sparkling altar of Nemelex Xobeh.
  3152 | D:6      | Found a sacrificial altar of Ru.
  3385 | D:6      | Found a bloodstained altar of Trog.
  3398 | D:6      | Reached skill level 5 in Armour
  3399 | D:6      | Killed Sigmund
  3460 | D:6      | Noticed Blork the orc
  3479 | Temple   | Entered the Ecumenical Temple
  3522 | Temple   | Became a worshipper of Makhleb the Destroyer
  3563 | D:6      | Killed Blork the orc
  3563 | D:6      | Reached skill level 5 in Evocations
  3590 | D:6      | Killed a troll
  3590 | D:6      | Gained mutation: You passively map the area around you.
                  | [Deep Dwarf growth]
  3590 | D:6      | Reached XP level 9. HP: 45/79 MP: 12/12
  4186 | D:7      | Got a shimmering wooden ring
  4188 | D:7      | Identified the ring "Caxyic Bygor" {rPois rN+ Str+4 Int+2
                  | Stlth+} (You found it on level 7 of the Dungeon)
  4460 | D:7      | Reached * piety under Makhleb
  4823 | D:7      | Got a faintly glowing robe
  4834 | D:7      | Identified the +0 robe of Suotach {rPois MR++ Stlth+} (You
                  | found it on level 7 of the Dungeon)
  4968 | D:8      | Noticed Psyche
  4997 | D:8      | Killed Psyche
  4997 | D:8      | Reached skill level 10 in Axes
  5092 | D:8      | Noticed a two-headed ogre
  5106 | D:8      | Killed a two-headed ogre
  5106 | D:8      | Reached skill level 5 in Fighting
  5106 | D:8      | Reached XP level 10. HP: 30/88 MP: 14/14
  5205 | D:8      | Found a shimmering altar of Xom.
  5206 | D:8      | Noticed an angel
  5209 | D:8      | Noticed Maurice
  5211 | D:8      | Killed Maurice
  5211 | D:8      | Reached ** piety under Makhleb
  5218 | D:8      | Found a glowing silver altar of Zin.
  5251 | D:8      | Noticed Pikel
  5255 | D:8      | Killed Pikel
  5416 | D:8      | Found an opulent altar of Gozag.
  5417 | D:8      | Noticed Gastronok
  5447 | D:8      | Killed Gastronok
  5896 | D:9      | Noticed Harold
  5908 | D:9      | Killed Harold
  5908 | D:9      | Reached skill level 6 in Fighting
  5908 | D:9      | Reached XP level 11. HP: 49/97 MP: 16/16
  5936 | D:9      | Found a glowing golden altar of the Shining One.
  6535 | D:10     | Entered Level 10 of the Dungeon
  6581 | D:10     | Reached *** piety under Makhleb
  6720 | D:10     | Noticed Fannar
  6757 | D:10     | Killed Fannar
  6777 | D:10     | Noticed a two-headed ogre
  6781 | D:10     | a two-headed ogre changed into a redback
  6837 | D:10     | Noticed a two-headed ogre
  7164 | D:10     | Reached **** piety under Makhleb
  7350 | D:10     | Killed a two-headed ogre
  7350 | D:10     | Reached skill level 7 in Fighting
  7554 | D:11     | Noticed Nergalle
  7556 | D:11     | Noticed Nergalle
  7556 | D:11     | Nergalle changed into Nergalle the mana viper
  7564 | D:11     | Killed Nergalle the mana viper
  7583 | D:11     | Noticed a five-headed hydra
  7585 | D:11     | Noticed an entropy weaver
  7585 | D:11     | a five-headed hydra changed into an entropy weaver
  7606 | D:11     | Killed an entropy weaver
  7606 | D:11     | Reached XP level 12. HP: 42/109 MP: 6/16
  8033 | D:11     | Gained mutation: Your system is resistant to poisons.
                  | (rPois) [potion of mutation]
  8033 | D:11     | Gained mutation: You have a pair of small antennae on your
                  | head. [potion of mutation]
  8033 | D:11     | Gained mutation: You are partially covered in molten
                  | scales. (AC +2) [potion of mutation]
  8059 | D:11     | Found a staircase to the Lair.
  8227 | Lair:1   | Entered Level 1 of the Lair of Beasts
  8397 | Lair:1   | Reached skill level 8 in Fighting
  8421 | Lair:1   | Reached ***** piety under Makhleb
  8567 | Lair:1   | Reached skill level 5 in Dodging
  9323 | D:12     | Found a flagged portal.
  9340 | Bailey   | Entered a bailey
  9975 | D:12     | Found a staircase to the Orcish Mines.
 10424 | D:11     | Noticed a two-headed ogre
 10435 | D:11     | Killed a two-headed ogre
 10494 | Lair:2   | Noticed a seven-headed hydra
 10557 | Lair:2   | Reached skill level 10 in Shields
 10644 | Lair:2   | Found a staircase to the Swamp.
 10647 | Lair:2   | Reached XP level 13. HP: 67/118 MP: 17/17
 12045 | Lair:3   | Reached ****** piety under Makhleb
 12319 | Lair:3   | Noticed Urug
 12335 | Lair:3   | Killed Urug
 12335 | Lair:3   | Reached skill level 10 in Armour
 12505 | Lair:3   | Reached skill level 1 in Maces & Flails
 12673 | Lair:1   | Lost mutation: Your system is resistant to poisons. (rPois)
                  | [potion of mutation]
 12673 | Lair:1   | Lost mutation: You are partially covered in molten scales.
                  | (AC +2) [potion of mutation]
 12673 | Lair:1   | Lost mutation: You have a pair of small antennae on your
                  | head. [potion of mutation]
 12673 | Lair:1   | Gained mutation: You have a pair of small horns on your
                  | head. [potion of mutation]
 12673 | Lair:1   | Gained mutation: You possess an exceptional clarity of
                  | mind. [potion of mutation]
 12673 | Lair:1   | Gained mutation: Scrolls take you a little longer to read.
                  | [potion of mutation]
 12673 | Lair:1   | Gained mutation: You expend magic power (3 MP) to
                  | strengthen your wands. [potion of mutation]
 12780 | D:13     | Reached skill level 9 in Fighting
 12788 | D:13     | Reached skill level 15 in Axes
 13304 | D:13     | Found Maitux's Magic Scroll Shoppe.
 14396 | D:14     | Found a gate to the Vaults.
 14407 | D:14     | Gained mutation: You resist negative energy. (rN+) [Deep
                  | Dwarf growth]
 14407 | D:14     | Reached XP level 14. HP: 129/129 MP: 19/19
 15203 | Lair:4   | Found a basalt altar of Yredelemnul.
 15391 | Lair:4   | Found a hole to the Spider Nest.
 15997 | Lair:5   | Reached skill level 10 in Fighting
 16257 | Lair:5   | Found a staircase to the Slime Pits.
 16274 | Slime:1  | Entered Level 1 of the Pits of Slime
 16274 | Slime:1  | Noticed an azure jelly
 16541 | Lair:6   | Entered Level 6 of the Lair of Beasts
 17589 | Lair:6   | Found a runed door.
 17594 | Lair:6   | Reached XP level 15. HP: 140/140 MP: 20/20
 17981 | Lair:2   | You fall through a shaft!
 18125 | Orc:1    | Entered Level 1 of the Orcish Mines
 18137 | Orc:1    | Found a frozen archway.
 18148 | Orc:1    | Reached skill level 11 in Fighting
 18166 | IceCv    | Entered an ice cave
 18898 | Orc:2    | Entered Level 2 of the Orcish Mines
 19073 | Orc:2    | Noticed an orc warlord
 19087 | Orc:2    | Killed an orc warlord
 19095 | Orc:2    | Found a roughly hewn altar of Beogh.
 19199 | Orc:2    | Found Wueseki's Distillery.
 19212 | Orc:2    | Found Emasas's Book Shoppe.
 19882 | Orc:2    | Found a staircase to the Elven Halls.
 19940 | Orc:2    | Paralysed by an orc sorcerer for 5 turns
 19995 | Orc:2    | Identified a +1 pair of boots of running (You found it on
                  | level 2 of the Orcish Mines)
 20054 | Orc:2    | Found Sojekliripn's Food Shop.
 20096 | Orc:2    | Noticed an orc warlord
 20100 | Orc:2    | Found a roughly hewn altar of Beogh.
 20112 | Orc:2    | Killed an orc warlord
 20150 | Orc:2    | Reached skill level 10 in Dodging
 20292 | Orc:2    | Found Beppani's Food Boutique.
 20590 | Spider:1 | Entered Level 1 of the Spider Nest
 21803 | Spider:3 | Reached XP level 16. HP: 150/152 MP: 18/22
 21812 | Spider:3 | Reached skill level 10 in Evocations
 22021 | Spider:3 | Reached skill level 12 in Fighting
 22179 | Spider:3 | Reached skill level 15 in Shields
 22890 | Swamp:1  | Entered Level 1 of the Swamp
 23692 | Swamp:2  | Noticed a thorn hunter
 23707 | Swamp:2  | Killed a thorn hunter
 23933 | Swamp:2  | Reached skill level 5 in Maces & Flails
 24031 | Swamp:2  | Got a transparent chain mail
 24042 | Swamp:2  | Identified the +5 chain mail "Duakkeq" {Stlth+} (You found
                  | it on level 2 of the Swamp)
 24604 | Swamp:3  | Noticed WarriorsX's ghost (adept HuBe)
 24606 | Swamp:3  | Found a transporter.
 24726 | Swamp:3  | Found a transporter.
 25022 | Swamp:3  | Reached XP level 17. HP: 151/162 MP: 24/24
 25526 | Swamp:3  | Killed WarriorsX's ghost
 25617 | Swamp:4  | Entered Level 4 of the Swamp
 26516 | Swamp:4  | Got a decaying rune of Zot
 26760 | Spider:4 | Entered Level 4 of the Spider Nest
 26879 | Spider:4 | Reached skill level 13 in Fighting
 27875 | Spider:4 | Gained mutation: You passively map a large area around you.
                  | [Deep Dwarf growth]
 27875 | Spider:4 | Reached XP level 18. HP: 172/172 MP: 21/25
 27885 | Spider:4 | Got a gossamer rune of Zot
 28197 | D:15     | Entered Level 15 of the Dungeon
 28438 | D:15     | Noticed Louise
 28466 | D:15     | Killed Louise
 28466 | D:15     | Reached skill level 14 in Fighting
 28615 | D:15     | Found a staircase to the Depths.
 28680 | D:15     | Found Toqy's Distillery.
 28702 | D:15     | Bought a potion of resistance for 170 gold pieces
 29011 | Vaults:1 | Entered Level 1 of the Vaults
 29087 | Vaults:1 | Noticed Asterion
 29117 | Vaults:1 | Gained mutation: You are clumsy. (Dex -2) [a cacodemon]
 29123 | Vaults:1 | Killed Asterion
 29683 | Vaults:1 | Noticed Saint Roka
 29702 | Vaults:1 | Killed Saint Roka
 30432 | D:13     | Bought a scroll of remove curse for 36 gold pieces
 30660 | Vaults:2 | Reached skill level 15 in Fighting
 31143 | Vaults:2 | Reached skill level 10 in Maces & Flails
 31144 | Vaults:2 | Reached XP level 19. HP: 186/186 MP: 26/26
 32677 | Vaults:3 | Reached skill level 16 in Fighting
 32767 | Vaults:3 | Paralysed by a vampire knight for 6 turns
 33197 | Vaults:3 | Found a staircase to the Crypt.
 33297 | Crypt:1  | Entered Level 1 of the Crypt
 33731 | Crypt:1  | Reached XP level 20. HP: 179/200 MP: 27/27
 33736 | Crypt:1  | Reached skill level 17 in Fighting
 33840 | Crypt:1  | Noticed a bone dragon
 33885 | Crypt:1  | Killed a bone dragon
 35738 | Crypt:2  | Reached skill level 15 in Armour
 36224 | Vaults:3 | Found a portal to a secret trove of treasure.
 36716 | Vaults:4 | Reached skill level 18 in Fighting
 37079 | Vaults:4 | Reached skill level 15 in Dodging
 37142 | Vaults:4 | Reached XP level 21. HP: 127/212 MP: 20/27
 37918 | Depths:1 | Entered Level 1 of the Depths
 37945 | Depths:1 | Reached skill level 1 in Invocations
 37958 | Depths:1 | Paralysed by a floating eye for 2 turns
 38495 | Depths:1 | Noticed Nikola
 38508 | Depths:1 | HP: 6/213 [Nikola/chain lightning (15)]
 38510 | Depths:1 | Killed from afar by Nikola

Skill      XL: |  1  2  3  4  5  6  7  8  9 10 11 12 13 14 15 16 17 18 19 20 21 |
---------------+----------------------------------------------------------------+-----
Fighting       | 3 4 5 6 7 8 9 10 11 12 13 15 16 18 | 18.5
Axes           | 3 4 6 7 8 10 12 13 14 15 16 17 | 17.5
Shields        | 4 5 6 7 8 10 11 13 14 15 16 | 16.2
Dodging        | 1 2 3 4 5 6 8 10 11 12 13 14 15 | 15.2
Armour         | 4 5 7 9 10 11 12 13 14 15 | 15.3
Evocations     | 2 5 6 7 8 9 11 12 | 12.8
Throwing       | 1 2 3 |  3.7
Maces & Flails | 2 3 6 8 10 11 | 11.7
Invocations    | 3 |  3.0
Stealth        | |  0.3

Action                   |  1- 3 |  4- 6 |  7- 9 | 10-12 | 13-15 | 16-18 | 19-21 || total
-------------------------+-------+-------+-------+-------+-------+-------+-------++-------
Melee: War axe           |   116 |   151 |   282 |   749 |  1436 |  1149 |  1470 ||  5353
       Headbutt          |       |       |       |       |   444 |   575 |   537 ||  1556
       Eveningstar       |       |       |       |       |    89 |   599 |   138 ||   826
       Flail             |       |       |       |       |     6 |       |       ||     6
       Broad axe         |       |       |       |       |       |   151 |       ||   151
Throw: Tomahawk          |       |       |    17 |    56 |     1 |       |       ||    74
       Javelin           |       |       |       |       |       |     2 |       ||     2
Invok: Minor Destruction |       |       |       |     1 |       |       |       ||     1
 Abil: Heal Wounds       |       |       |     3 |     6 |     1 |     6 |     1 ||    17
Evoke: Wand              |       |     2 |    20 |    34 |    34 |    45 |    15 ||   150
       Fan of gales      |       |       |       |     1 |       |       |       ||     1
       Sack of spiders   |       |       |       |       |       |       |     3 ||     3
       Box of beasts     |       |       |       |       |       |       |     2 ||     2
  Use: Scroll            |       |     3 |     1 |    17 |     3 |    12 |     1 ||    37
       Potion            |       |     1 |     2 |     7 |     1 |     4 |     2 ||    17
 Stab: Paralysed         |       |       |       |       |    16 |    17 |       ||    33
       Distracted        |       |       |       |       |     1 |     1 |     2 ||     4
       Confused          |       |       |       |       |       |     1 |       ||     1
  Eat: Chunk             |       |     4 |    10 |    20 |    27 |    24 |    14 ||    99
       Ration            |       |       |       |       |     3 |     2 |     3 ||     8
Armor: Scale mail        |    44 |   101 |   111 |     7 |       |       |       ||   263
       Plate armour      |       |       |       |   169 |       |       |       ||   169
       Crystal plate arm |       |       |       |   139 |   706 |  1329 |   582 ||  2756
       Chain mail        |       |       |       |    29 |       |       |       ||    29
Dodge: Dodged            |    28 |    56 |    86 |   238 |   374 |   799 |   414 ||  1995
Block: Shield            |    60 |   109 |   123 |   416 |  1096 |  1532 |       ||  3336
       Reflection        |       |       |       |     4 |    31 |    45 |       ||    80
       Large shield      |       |       |       |       |       |   449 |  1485 ||  1934
